Unix NetHack Version 5.0.0-0 post-release - last build Jun 10 2026 00:39:30 (3ee93aec679c4c4259841fe613dc97188e26a321,branch:main).

Game began 2026-06-26 23:39:36, ended 2026-06-27 00:09:12.

ARFwashere, neutral male human Archeologist

                                                          -------------
                          -------------       -----       |...........|
                          |...........-#      |...|    ###............|
                          |...........|#######-....#####  |...........|
                        ##............|      #|...|#      |...........|
        ------------    # -----|-------      #-----#      |..)^.......|
        |!!).?!)?..|  ###      #             #     #      ---.-|----+--
        |%?)+[!..]@|  #        #             #     #           ######
        |?%!!?)...@i###        #             ##    #           # ###
        |%)l*)[..)d|           #              ##   [          ##   ##
        ------------           #               ##  [   #))###)#     ####
                              ##         -------#  # --.-------     ---|---
                            --.----      |.....|#  #[.........|     |.....|
                            |.....|      |....<|#    |........-##   |.....|
                            |.....|      |.....|#    |........| ####|.....|
                            |.....|  ####.....)|#    ----------    #......|
                            |.....-###   |......#                   |.|...|
                            |....>|      -------                    |.(...|
                            -------                                 -------

ARFwashere the Field Worker  St:15 Dx:11 Co:12 In:17 Wi:13 Ch:9  Neutral
Dlvl:5  $:0  HP:0(44) Pw:17(17) AC:7  Xp:5 T:3336  Fainted  Deaf

Latest messages:
 You only feel hungry now.
 You finish eating the pony corpse.
 You stop.  Your little dog is in the way!
 The little dog drops a silver arrow.
 "Hello, ARFwashere!  Welcome again to Wonotobo's general store!"
 There is an open door here.
 You see here a silver arrow.
 V - a silver arrow (4 in total).
 The little dog picks up a silver arrow.
 The little dog drops a silver arrow.
 You see here a silver arrow (no charge).
 V - a silver arrow (5 in total).
 The little dog picks up a silver arrow.
 The little dog drops a silver arrow.
 You are beginning to feel weak.
 The little dog picks up a silver arrow.
 The little dog drops a silver arrow.
 You feel agile!
 You must have been working on your reflexes.
 You feel tough!
 You must have been leading a healthy life-style.
 The little dog picks up a bag.
 The little dog drops a bag.
 The little dog picks up a bag.
 You already found a monster.  Use 'm' prefix to force another search.
 You destroy the kobold zombie!
 The little dog drops a bag.
 The little dog picks up a bag.
 The little dog drops a bag.
 "Hello, ARFwashere!  Welcome again to Wonotobo's general store!"
 You see here a bag (no charge).
 You carefully open the bag...
 It develops a huge set of teeth and bites you!
 Y - a bag of tricks.
 The imp hits!
 "Verily, thy corpse could not smell worse!"
 You faint from lack of food.
 The imp hits!
 The imp hits!
 The imp hits!
 The imp hits!
 The imp hits!
 The imp hits!
 The imp hits!
 The imp hits!
 The imp hits!
 You die...
 Wonotobo gratefully inherits all your possessions.
 Do you want to see what you had when you died? [ynq] (y) y
 Do you want to see your attributes? [ynq] (y) q

Inventory:
 Weapons  (')')
  V - 5 blessed +0 silver arrows
  t - 5 +0 darts
  a - a +2 bullwhip (weapon in right hand)
 Armor    ('[')
  Q - an uncursed +0 dwarvish iron helm (being worn)
  R - an uncursed +0 dwarvish cloak (being worn)
  b - an uncursed +0 leather jacket (being worn)
 Comestibles  ('%')
  d - 3 uncursed food rations
  T - an uncursed partly eaten food ration
  v - an uncursed tripe ration
 Scrolls  ('?')
  l - an uncursed scroll of identify
 Spellbooks  ('+')
  X - an uncursed spellbook of confuse monster
 Potions  ('!')
  L - an uncursed potion of enlightenment
  N - 2 uncursed potions of healing
  n - a cursed potion of polymorph
 Rings    ('=')
  M - an uncursed ring of see invisible
  j - an uncursed ring of sustain ability
 Wands    ('/')
  q - a wand of cold (0:5)
  p - a wand of create monster (0:14)
 Tools    ('(')
  h - an uncursed sack containing 2 items
  Y - a bag of tricks (0:11)
  z - an uncursed tooled horn
  u - a can of grease (0:22)
  S - an uncursed leash
  W - an uncursed lock pick
  w - an uncursed magic whistle
  i - an uncursed oil lamp
  k - an uncursed skeleton key
  U - an uncursed skeleton key
  J - an uncursed stethoscope
  f - a tinning kit (0:66)
  B - an uncursed towel
 Gems/Stones  ('*')
  g - an uncursed touchstone

Contents of the sack:
  157 gold pieces
  a +0 dwarvish mattock

ARFwashere the Archeologist's attributes:

Background:
 You were a Field Worker, a level 5 male human Archeologist.
 You were neutral, on a mission for Camaxtli
 who was opposed by Quetzalcoatl (lawful) and Huhetotl (chaotic).
 You were right-handed.
 You were in the Dungeons of Doom, on level 5.
 You entered the dungeon 3336 turns ago.
 It was the midnight hour.
 You had 280 experience points, 40 more were needed to attain level 6.

Basics:
 You had 0 out of 44 hit points.
 You had all 17 energy points (spell power).
 Your armor class was 7.
 Your wallet was empty, but
 you had 157 zorkmids stashed away in your pack.
 Autopickup was on for '$' plus thrown.

Final Characteristics:
 Your strength was 15 (base:16, limit:18/100).
 Your dexterity was 11 (limit:18).
 Your constitution was 12 (limit:18).
 Your intelligence was 17 (limit:18).
 Your wisdom was 13 (limit:18).
 Your charisma was 9 (limit:18).

Final Status:
 You were deaf.
 You were fainted due to starvation.
 You were unencumbered.
 You were wielding a whip.
 You had basic skill with whip.

Final Attributes:
 You were piously aligned.
 Your items were somewhat protected from fire.
 Your items were somewhat protected from cold.
 You had automatic searching.
 You were stealthy.
 You were warded.
 You are dead.

Miscellaneous:
 You didn't encounter any bones levels.
 Total elapsed playing time was 29 minutes and 36 seconds.

Major events:
 Turn
    1: ARFwashere the neutral male human Archeologist entered the dungeon
  783: attained the rank of Field Worker (level 3)
 3336: killed by an imp, while fainted from lack of food

You didn't know any spells.

Skills:
 Fighting Skills
   bare handed combat [Unskilled]
   two weapon combat  [Unskilled]
   riding             [Unskilled]
 Weapon Skills
   dagger             [Unskilled]
   knife              [Unskilled]
   pick-axe           [Basic]
   short sword        [Unskilled]
   saber              [Unskilled]
   club               [Unskilled]
   quarterstaff       [Unskilled]
   sling              [Unskilled]
   dart               [Unskilled]
   boomerang          [Unskilled]
   whip               [Basic]
   unicorn horn       [Unskilled]
 Spellcasting Skills
   attack spells      [Unskilled]
   healing spells     [Unskilled]
   divination spells  [Unskilled]
   matter spells      [Unskilled]

Voluntary challenges:
 Character rerolling was not enabled.
 You never genocided any monsters.
 You never polymorphed an object.
 You never changed form.
 You used no wishes.
Achievements:
 You attained the rank of Field Worker.
 You entered a shop.

 The Dungeons of Doom: levels 1 to 5
    Level 1:
       A grave.
    Level 2:
       A scroll shop, some fountains, a sink.
    Level 3:
       A tool shop, some graves.
    Level 4:
       An altar to Camaxtli, a fountain.
    Level 5: <- You were here.
       A general store, a grave.
       Final resting place for
          you, killed by an imp, while fainted from lack of food.


Vanquished creatures:
  3 small mimics
  a leprechaun
  a pony
  a giant ant
  a dwarf
  a homunculus
  a kobold leader
 an orc zombie
  5 iguanas
  a gas spore
  2 hobbits
  2 cave spiders
  a gnome zombie
  2 geckos
  4 jackals
  a fox
  2 kobolds
  3 goblins
  2 sewer rats
  4 grid bugs
  2 lichens
  3 kobold zombies
  5 newts
49 creatures vanquished.

No species were genocided or became extinct.

Game over:
                       ----------
                      /          \
                     /    REST    \
                    /      IN      \
                   /     PEACE      \
                  /                  \
                  |    ARFwashere    |
                  |      157 Au      |
                  | killed by an imp |
                  |                  |
                  |                  |
                  |                  |
                  |       2026       |
                 *|     *  *  *      | *
        _________)/\\_//(\/(/\)/\//\/|_)_______

Goodbye ARFwashere the Archeologist...

You died in The Dungeons of Doom on dungeon level 5 with 1482 points,
and 157 pieces of gold, after 3336 moves.
You were level 5 with a maximum of 44 hit points when you died.

